 Dungeon Crawl Stone Soup version 0.29.1-4-g47bece8355 (webtiles) character file.

Game seed: 17863534396942235777

273 DeeCee the Chopper (level 6, -3/52 HPs)
             Began as a Minotaur Berserker on Dec 2, 2022.
             Was a Believer of Trog.
             Slain by an ogre
             ... wielding a +0 giant spiked club
              (34 damage)
             ... on level 4 of the Dungeon.
             The game lasted 00:43:30 (4079 turns).

DeeCee the Chopper (Minotaur Berserker)             Turns: 4079, Time: 00:43:31

Health: -3/52      AC: 13    Str: 23    XL:     6   Next: 2%
Magic:  5/5        EV:  8    Int:  4    God:    Trog [**....]
Gold:   115        SH:  0    Dex: 10    Spells: 5/5 levels left

rFire   . . .      SeeInvis .   t - +2 whip (flame)
rCold   . . .      Faith    .   (no shield)
rNeg    . . .      Spirit   .   n - +0 chain mail
rPois   .          Reflect  .   (helmet restricted)
rElec   .          Harm     .   (no cloak)
rCorr   .          Rampage  .   m - +2 pair of gloves
Will    .....                   q - +0 pair of boots
Stlth   ..........              (no amulet)
HPRegen 0.17/turn               (no ring)
MPRegen 0.09/turn               (no ring)

@: no status effects
A: horns 2, retaliatory headbutt
a: Renounce Religion, Berserk, Trog's Hand


You were on level 4 of the Dungeon.
You worshipped Trog.
Trog was pleased with you.
You visited 1 branch of the dungeon, and saw 4 of its levels.

You collected 115 gold pieces.

Inventory:

Hand Weapons
 a - a +0 hand axe
 k - a +0 sling
 t - a +2 whip of flaming (weapon)
Missiles
 e - 41 stones (quivered)
 r - a throwing net
Armour
 m - a +2 pair of gloves (worn)
 n - a +0 chain mail (worn)
 q - a +0 pair of boots (worn)
Scrolls
 b - a scroll of amnesia {unknown}
 c - 3 scrolls of teleportation {unknown}
 d - a scroll of magic mapping {unknown}
 f - 3 scrolls of identify {unknown}
 g - 6 scrolls of immolation {unknown}
 i - a scroll of enchant armour {unknown}
 o - a scroll of butterflies {unknown}
 s - a scroll of blinking {unknown}
Potions
 h - a potion of haste {unknown}
 j - a potion of magic {unknown}
 l - 3 potions of curing {unknown}
 p - 2 potions of might {unknown}


   Skills:
 - Level 3.6 Fighting
 - Level 7.0(7.5) Axes
 * Level 3.8(5.9) Maces & Flails
 - Level 2.4 Armour
 - Level 2.2 Dodging


You had 5 spell levels left.
You didn't know any spells.
Your spell library contained the following spells:

 Spells                   Type           Power      Damage    Failure   Level
 Shock                    Conj/Air       0%         1d3       99%         1
 Ensorcelled Hibernation  Hex/Ice        0%         N/A       100%        2
 Call Canine Familiar     Summ           0%         N/A       100%        3
 Portal Projectile        Hex/Tloc       0%         N/A       100%        3
 Spider Form              Tmut/Pois      0%         N/A       100%        3
 Swiftness                Air            0%         N/A       100%        3
 Airstrike                Air            0%         2d(0-16)  100%        4
 Anguish                  Hex/Necr       0%         N/A       100%        4
 Leda's Liquefaction      Hex/Erth       0%         N/A       100%        4


Dungeon Overview and Level Annotations

Branches:
Dungeon (4/15)
 Temple: D:4-7

Altars:
Uskayaw


Innate Abilities, Weirdness & Mutations

You have a pair of horns on your head.
You reflexively headbutt those who attack you in melee.


Message History

You start resting.
HP restored.
You see here a +2 whip of pain.
u - a +2 whip of pain You drop a +2 whip of pain.
There is a stone staircase leading down here.
You climb downwards.
There is a stone staircase leading up here.
The orc priest hits you with a +0 whip.
You hit the orc priest but do no damage.
You hit the orc priest. You burn the orc priest.
The orc priest is moderately wounded.
The orc priest miscasts a cantrip.
You hit the orc priest but do no damage.
You headbutt the orc priest, but do no damage.
The orc priest is moderately wounded.
The orc priest hits you but does no damage.
You whack the orc priest! You burn the orc priest.
The orc priest is almost dead.
An ogre comes into view. It is wielding a +0 giant spiked club.
The orc priest hits you but does no damage.
The ogre shouts!
You hit the orc priest. You burn the orc priest.
The orc priest is almost dead.
The orc priest miscasts a cantrip.
You hit the orc priest. You burn the orc priest.
You kill the orc priest!
Trog accepts your kill.
You have reached level 6!
There is a stone staircase leading up here.
You barely miss the ogre. You headbutt the ogre!
The ogre is heavily wounded.
The hound pauses to sniff the ground.
The ogre hits you with a +0 giant spiked club!!
You are too injured to fight recklessly!
You barely miss the ogre.
The ogre is heavily wounded.
The ogre hits you with a +0 giant spiked club!!
Ouch! That really hurt!
You die...

#.###....##..############.#
.####..)......................#
.......##....#####.#########.##
#.###.###...[# #....######.#
#.# ##.#.### ####........# #.#
#.#.h.# ####..#### #.#
#.###.### ###...# #.# ..# #.O.#
##.).#.# #.# ###
###@###..###..# ..# #.<#..##
##.# ... ##.#.## .# ...
#)..##### ##
#..#######.........# .
#......#..#..###### ...
####...#...# .....#........#..#
#....o########....


You could see an ogre and a hound.

Vanquished Creatures
  A hound (D:4)
  A jelly (D:4)
  An orc priest (D:4)
  Natasha (thrice) (D:2)
  5 adders
  4 dart slugs
  2 worms
  3 orcs
  A bat (D:3)
  7 endoplasms
  A giant cockroach (D:2)
  3 goblins
  4 hobgoblins
  5 kobolds
  5 quokkas
  A ball python (D:3)
  2 frilled lizards (D:2)
  4 rats
53 creatures vanquished.

Notes
Turn   | Place    | Note
-------+----------+-------------------------------------------
     0 | D:1      | DeeCee the Minotaur Berserker began the quest for the Orb.
     0 | D:1      | Reached XP level 1. HP: 19/19 MP: 0/0
   620 | D:1      | Reached skill level 4 in Axes
   738 | D:1      | Found a faded altar of an unknown god.
   859 | D:1      | Reached XP level 2. HP: 26/27 MP: 1/1
  1552 | D:2      | Noticed Natasha
  1565 | D:2      | Killed Natasha
  1566 | D:2      | Reached skill level 5 in Axes
  1566 | D:2      | Reached XP level 3. HP: 26/33 MP: 2/2
  1576 | D:2      | Noticed Natasha
  1585 | D:2      | Killed Natasha
  1953 | D:2      | Reached XP level 4. HP: 38/40 MP: 3/3
  2001 | D:2      | Noticed Natasha
  2047 | D:2      | Killed Natasha
  2048 | D:2      | Reached skill level 6 in Axes
  2902 | D:3      | Found a hide-covered altar of Uskayaw.
  3029 | D:3      | Reached XP level 5. HP: 46/46 MP: 4/4
  3061 | D:3      | Reached ** piety under Trog
  3062 | D:3      | Reached skill level 7 in Axes
  3325 | D:4      | Reached skill level 1 in Maces & Flails
  3521 | D:4      | Noticed a black bear
  4072 | D:4      | Noticed an ogre
  4075 | D:4      | Reached XP level 6. HP: 49/52 MP: 5/5
  4079 | D:4      | Slain by an ogre

Illustrated notes

Levels and vault maps discovered:
D:1:      lightli_arrival_chessboard, layout_basic,
          dilly_ecumenical_altar_fadedgnrine
D:2:      layout_loops_ring, minmay_tree_intersection, hangedman_feature_mirror,
          kennysheep_cluttered_room, roderic_serpentine_path, uniq_natasha
D:3:      layout_basic, lemuel_tele_altar
D:4:      layout_rooms, gammafunk_ghost_necromancy, hangedman_decor_growths

Skill      XL: |  1  2  3  4  5 |
---------------+----------------+-----
Axes           | 4 5 6 7 |  7.0
Maces & Flails | 3 |  3.8
Fighting       | |  3.6
Armour         | |  2.4
Dodging        | |  2.2

Action                   |  1- 3 |  4- 6 || total
-------------------------+-------+-------++-------
Melee: Hand axe          |    41 |    60 ||   101
       Headbutt          |     4 |    14 ||    18
       Punch             |       |     2 ||     2
       Whip              |       |    51 ||    51
Invok: Berserk           |     1 |       ||     1
Armor: Chain mail        |     7 |    49 ||    56
       Animal skin       |     1 |       ||     1
Dodge: Dodged            |    21 |    33 ||    54
